 Dungeon Crawl Stone Soup version 0.24-a0-512-g2b48af375b (webtiles) character file.

Game seed: 14791696629131845171

1565 Ablot the Charmwright (level 8, -1/64 HPs)
             Began as a Gnoll Skald on July 20, 2019.
             Was an Initiate of Okawaru.
             Slain by an orc warrior
             ... wielding a +0 flail
              (15 damage)
             ... on level 6 of the Dungeon.
             The game lasted 00:10:31 (5423 turns).

Ablot the Charmwright (Gnoll Skald)                 Turns: 5423, Time: 00:10:32

Health: -1/64      AC:  6    Str: 16    XL:     8   Next: 89%
Magic:  4/17       EV: 15    Int: 16    God:    Okawaru [......]
Gold:   338        SH:  0    Dex: 14    Spells: 8/19 levels left

rFire    . . .     SeeInvis .   k - +0 trident
rCold    . . .     Gourm    .   (no shield)
rNeg     + . .     Faith    .   m - +2 robe {rN+}
rPois    .         Spirit   .   (no helmet)
rElec    .         Reflect  .   C - +0 cloak
rCorr    .         Harm     .   h - +0 pair of gloves
MR       .....                  (no boots)
Stlth    ++........             (no amulet)
HPRegen  0.20/turn              y - +2 ring of slaying
MPRegen  0.15/turn              (no ring)

@: singing
A: distributed training, fangs 1, strong nose
a: Renounce Religion


You were on level 6 of the Dungeon.
You worshipped Okawaru.
Okawaru was noncommittal.
You were not hungry.

You visited 2 branches of the dungeon, and saw 7 of its levels.

You collected 338 gold pieces.

Inventory:

Hand Weapons
 k - a +0 trident (weapon)
Missiles
 e - 2 atropa-tipped darts
 f - 16 poisoned darts (quivered)
 i - 192 stones
 q - 81 arrows
 t - 51 bolts
Armour
 h - a +0 pair of gloves (worn)
 m - a +2 robe of positive energy (worn)
 C - a +0 cloak (worn)
Jewellery
 y - a +2 ring of slaying (left hand)
Wands
 G - a wand of flame (8)
Scrolls
 c - 2 scrolls of noise {unknown}
 l - 4 scrolls of identify
 n - a scroll of immolation {unknown}
 o - 6 scrolls of remove curse
 p - 2 scrolls of amnesia {unknown}
 r - 3 scrolls of teleportation {unknown}
 v - a scroll of blinking {unknown}
 w - a scroll of enchant armour {unknown}
 z - a scroll of acquirement {unknown}
 B - a scroll of vulnerability {unknown}
 E - a scroll of enchant weapon {unknown}
 F - a scroll of fog {unknown}
Potions
 a - a potion of magic
 b - 2 potions of curing
 g - a potion of brilliance
 j - a potion of mutation
 s - a potion of haste
 u - 3 potions of heal wounds
 x - 2 potions of cancellation
 A - a potion of might {unknown}
 D - a potion of flight {unknown}
Comestibles
 d - 8 rations
 H - 10 chunks of flesh


   Skills:
 + Level 5.9 Fighting
 + Level 3.6 Short Blades
 + Level 3.6 Long Blades
 + Level 3.6 Axes
 + Level 3.6 Maces & Flails
 + Level 5.9 Polearms
 + Level 3.6 Staves
 + Level 3.6 Slings
 + Level 3.6 Bows
 + Level 3.6 Crossbows
 + Level 3.6 Throwing
 + Level 4.5 Armour
 + Level 5.9 Dodging
 + Level 3.6 Stealth
 + Level 3.6 Shields
 + Level 3.6 Unarmed Combat
 + Level 6.2 Spellcasting
 + Level 2.9 Conjurations
 + Level 2.9 Hexes
 + Level 6.2 Charms
 + Level 2.9 Summonings
 + Level 2.9 Necromancy
 + Level 2.9 Translocations
 + Level 2.9 Transmutations
 + Level 2.9 Fire Magic
 + Level 2.9 Ice Magic
 + Level 2.9 Air Magic
 + Level 2.9 Earth Magic
 + Level 2.9 Poison Magic
 + Level 4.0 Invocations
 + Level 3.6 Evocations


You had 8 spell levels left.
You knew the following spells:

 Your Spells              Type           Power        Failure   Level  Hunger
a - Infusion              Chrm           ####         1%          1    None
b - Song of Slaying       Chrm           ####....     1%          2    None
c - Shroud of Golubria    Chrm/Tloc      ###...       3%          2    None
d - Regeneration          Chrm/Necr      ###.......   6%          3    ##.....
e - Spectral Weapon       Hex/Chrm       ###.....     6%          3    ##.....

Your spell library contained the following spells:

 Spells                   Type           Power        Failure   Level  Hunger


Dungeon Overview and Level Annotations

Branches:
Dungeon (6/15)             Temple (1/1) D:6

Altars:
Cheibriados
Elyvilon
Fedhas
Gozag
Kikubaaqudgha
Makhleb
Nemelex Xobeh
Okawaru
Qazlal
Ru
Sif Muna
Trog
Vehumet
Wu Jian
Xom
Zin
The Shining One

Shops:
D:5 (

Annotations:
D:5 exclusion: two-headed ogre


Innate Abilities, Weirdness & Mutations

Your experience applies equally to all skills.
You have very sharp teeth.
Your uncanny sense of smell can sniff out nearby items.


Message History

The orc warrior is almost dead.
The orc warrior hits you with a +0 flail!
You hit the orc warrior but do no damage.
The orc warrior is almost dead.
The orc priest begins to cast a cantrip, but forgets the words!
The orc warrior hits you with a +0 flail!
* * * LOW HITPOINT WARNING * * *
You barely miss the orc warrior.
The orc warrior is almost dead.
The orc warrior completely misses you.
Unknown command.
You hit the orc warrior but do no damage.
The orc warrior is almost dead.
The orc warrior hits you but does no damage.
You hit the orc warrior but do no damage.
The orc warrior is almost dead.
You hit the orc warrior but do no damage.
The orc warrior is almost dead.
The orc warrior hits you with a +0 flail!
You die...

#.# #..## #.# #.#
#...####.# #.#
#........# #
#.########...###### ..
#............#####.....
##########.............
#.#.#####.##.#
######.#.#####(##.
#.@oo..........# ∆
#.#####..####### #.
#..# #. #..# #. #..# #
#. #o.# < #. #o.# # ..
...# ##.#


You could see an orc warrior and an orc priest.

Vanquished Creatures
  2 ice beasts
  A black bear (D:6)
  An ogre (D:5)
  A phantom (D:5)
  2 bullfrogs (D:6)
  A scorpion (D:5)
  A crimson imp (D:5)
  A bullfrog zombie (D:6)
  A centaur skeleton (D:4)
  8 orc wizards
  2 bullfrog skeletons
  2 orc priests
  A hound (D:5)
  Natasha (thrice) (D:3)
  An iguana (D:4)
  Jessica (D:2)
  3 worker ants (D:5)
  A hound zombie (D:5)
  2 hound skeletons
  A worker ant zombie (D:5)
  7 adders
  2 shadow imps
  An adder skeleton (D:6)
  2 worms
  2 dart slugs
  8 leopard geckos
  25 orcs
  3 ball pythons
  6 bats
  4 giant cockroaches
  5 goblins
  6 hobgoblins
  11 jackals
  A quokka (D:6)
  11 frilled lizards
  8 kobolds
  8 rats
146 creatures vanquished.

Vanquished Creatures (others)
  A spectral weapon (D:5)
1 creature vanquished.

Grand Total: 147 creatures vanquished

Notes
Turn   | Place    | Note
-------+----------+-------------------------------------------
     0 | D:1      | Ablot the Gnoll Skald began the quest for the Orb.
     0 | D:1      | Reached XP level 1. HP: 20/20 MP: 6/6
   111 | D:1      | Reached XP level 2. HP: 22/26 MP: 7/7
   435 | D:1      | Learned a level 2 spell: Song of Slaying
   438 | D:1      | Learned a level 2 spell: Shroud of Golubria
   455 | D:1      | Reached XP level 3. HP: 24/31 MP: 9/9
   460 | D:1      | Learned a level 3 spell: Regeneration
   464 | D:1      | Learned a level 3 spell: Spectral Weapon
   536 | D:1      | Reached skill level 5 in Spellcasting
   697 | D:2      | Found a faded altar of an unknown god.
   809 | D:2      | Reached skill level 1 in Invocations
  1017 | D:2      | Noticed Jessica
  1022 | D:2      | Killed Jessica
  1022 | D:2      | Reached skill level 1 in Short Blades
  1022 | D:2      | Reached skill level 1 in Long Blades
  1022 | D:2      | Reached skill level 1 in Axes
  1022 | D:2      | Reached skill level 1 in Maces & Flails
  1022 | D:2      | Reached skill level 1 in Staves
  1022 | D:2      | Reached skill level 1 in Slings
  1022 | D:2      | Reached skill level 1 in Bows
  1022 | D:2      | Reached skill level 1 in Crossbows
  1022 | D:2      | Reached skill level 1 in Throwing
  1022 | D:2      | Reached skill level 1 in Stealth
  1022 | D:2      | Reached skill level 1 in Shields
  1022 | D:2      | Reached skill level 1 in Unarmed Combat
  1022 | D:2      | Reached skill level 1 in Evocations
  1022 | D:2      | Reached XP level 4. HP: 38/38 MP: 4/11
  1496 | D:3      | Reached skill level 1 in Conjurations
  1496 | D:3      | Reached skill level 1 in Hexes
  1496 | D:3      | Reached skill level 1 in Summonings
  1496 | D:3      | Reached skill level 1 in Necromancy
  1496 | D:3      | Reached skill level 1 in Translocations
  1496 | D:3      | Reached skill level 1 in Transmutations
  1496 | D:3      | Reached skill level 1 in Fire Magic
  1496 | D:3      | Reached skill level 1 in Ice Magic
  1496 | D:3      | Reached skill level 1 in Air Magic
  1496 | D:3      | Reached skill level 1 in Earth Magic
  1496 | D:3      | Reached skill level 1 in Poison Magic
  1525 | D:3      | Found a shimmering altar of Xom.
  1554 | D:3      | Noticed Natasha
  1611 | D:3      | Killed Natasha
  1611 | D:3      | Reached XP level 5. HP: 43/43 MP: 7/12
  1847 | D:3      | Reached XP level 6. HP: 50/50 MP: 6/13
  1867 | D:3      | Found a sacrificial altar of Ru.
  1942 | D:3      | Noticed Natasha
  1961 | D:3      | Killed Natasha
  2039 | D:3      | Reached skill level 5 in Fighting
  2039 | D:3      | Reached skill level 5 in Polearms
  2039 | D:3      | Reached skill level 5 in Dodging
  2173 | D:3      | Noticed Natasha
  2182 | D:3      | Killed Natasha
  2442 | D:4      | Reached XP level 7. HP: 28/56 MP: 8/15
  3379 | D:5      | Entered Level 5 of the Dungeon
  3534 | D:5      | Noticed a two-headed ogre
  3574 | D:5      | Found a snail-covered altar of Cheibriados.
  3791 | D:5      | Reached XP level 8. HP: 55/63 MP: 12/16
  4677 | D:5      | Found Ytozuffu's Weapon Shop.
  4892 | D:6      | Found a radiant altar of Vehumet.
  5053 | D:6      | Found a staircase to the Ecumenical Temple.
  5060 | Temple   | Entered the Ecumenical Temple
  5100 | Temple   | Became a worshipper of Warmaster Okawaru
  5423 | D:6      | Slain by an orc warrior

Levels and vault maps discovered:
D:1:      saegor_arrival_simple_e, layout_rooms
D:2:      layout_basic, chequers_ecumenical_altar_simple_redux,
          grunt_ministairs_7, uniq_jessica
D:3:      layout_loops_ring, xom_teletrap_fun, lemuel_doored_altar,
          minmay_parallelograms, minmay_fractal_squares_5, uniq_natasha
D:4:      layout_basic
D:5:      minmay_spotlight, layout_layer_cave, cheibrodos_worm_habitat,
          serial_shops, shop, first_ration
D:6:      layout_loops_ring, vehumet_crystals,
          minmay_temple_entry_statues_fountains, minmay_misc_feat_x,
          kennysheep_another_room, hangedman_decor_slide_cut
Temple:   nicolae_temple_figure_eight

Skill      XL: |  1  2  3  4  5  6  7  8 |
---------------+-------------------------+-----
Spellcasting   | 5 6 |  6.2
Invocations    | 1 2 3 4 |  4.0
Short Blades   | 1 2 3 |  3.6
Long Blades    | 1 2 3 |  3.6
Axes           | 1 2 3 |  3.6
Maces & Flails | 1 2 3 |  3.6
Staves         | 1 2 3 |  3.6
Slings         | 1 2 3 |  3.6
Bows           | 1 2 3 |  3.6
Crossbows      | 1 2 3 |  3.6
Throwing       | 1 2 3 |  3.6
Stealth        | 1 2 3 |  3.6
Shields        | 1 2 3 |  3.6
Unarmed Combat | 1 2 3 |  3.6
Evocations     | 1 2 3 |  3.6
Conjurations   | 1 2 |  2.9
Hexes          | 1 2 |  2.9
Summonings     | 1 2 |  2.9
Necromancy     | 1 2 |  2.9
Translocations | 1 2 |  2.9
Transmutations | 1 2 |  2.9
Fire Magic     | 1 2 |  2.9
Ice Magic      | 1 2 |  2.9
Air Magic      | 1 2 |  2.9
Earth Magic    | 1 2 |  2.9
Poison Magic   | 1 2 |  2.9
Armour         | 3 4 |  4.5
Fighting       | 5 |  5.9
Polearms       | 5 |  5.9
Dodging        | 5 |  5.9
Charms         | 6 |  6.2

Action                   |  1- 3 |  4- 6 |  7- 9 || total
-------------------------+-------+-------+-------++-------
Melee: Spear             |   118 |       |       ||   118
       Bite              |     9 |    10 |    26 ||    45
       Trident           |    61 |   134 |   214 ||   409
 Cast: Shroud of Golubri |     2 |     9 |    13 ||    24
       Spectral Weapon   |     1 |    11 |    11 ||    23
       Song of Slaying   |     1 |     2 |     5 ||     8
       Regeneration      |       |     3 |     7 ||    10
       Infusion          |       |     1 |     2 ||     3
  Use: Scroll            |     2 |     1 |     6 ||     9
 Stab: Sleeping          |     2 |     3 |    11 ||    16
  Eat: Chunk             |     1 |     6 |     4 ||    11
       Ration            |       |       |     2 ||     2
Armor: Leather armour    |    43 |       |       ||    43
       Robe              |       |    24 |    33 ||    57
Dodge: Dodged            |   111 |    67 |   138 ||   316

Table legend:
 A = Non-vault XP
 B = Vault XP
 C = Vault XP percentage of total XP
 D = Non-vault monster count
 E = Vault monster count
 F = Vault count percentage of total count
                 A         B        C        D         E       F
            +---------+---------+-------+---------+---------+-------
      Total |    2040 |     197 |   8.8 |     133 |      13 |   8.9
            +---------+---------+-------+---------+---------+-------
        D:1 |      38 |       0 |   0.0 |      24 |       0 |   0.0
        D:2 |      35 |      39 |  52.7 |      17 |       3 |  15.0
        D:3 |     314 |      61 |  16.3 |      32 |       6 |  15.8
        D:4 |     318 |       0 |   0.0 |      20 |       0 |   0.0
        D:5 |     728 |      97 |  11.8 |      23 |       4 |  14.8
        D:6 |     607 |       0 |   0.0 |      17 |       0 |   0.0
            +---------+---------+-------+---------+---------+-------
